Map: Acropolis LE

Players

YOOSONA

  • Race: Protoss Protoss
  • League: Diamond
  • Spawn Location: 5:00

VaeVictus - Winner!

  • Race: Protoss Protoss
  • League: Diamond
  • Spawn Location: 11:00

VOD

Have the link to the VOD?

Description

Time

  • Played on: Nov. 26, 2019, 10:57 a.m.
  • Length: 6:55
Show
View Real Time Build Order
Export as new Build Order

YOOSONA Protoss 

Build Orders: Blink Stalkers 

Get SALT Encoding   

  12  0:01  Probe  
  13  0:13  Probe  
  14  0:17  Pylon  
  14  0:25  Probe  
  15  0:37  Gateway  
  15  0:38  Probe (Chrono Boost)  
  16  0:49  Probe (Chrono Boost)  
  17  0:52  Assimilator  
  17  0:53  Assimilator  
  17  0:54  Probe (Chrono Boost)  
  18  1:06  Probe  
  19  1:19  Probe  
  19  1:24  Cybernetics Core  
  20  1:31  Probe  
  21  1:35  Zealot  
  23  1:50  Pylon  
  23  1:58  Warp Gate (Chrono Boost)  
  23  2:08  Probe (Chrono Boost)  
  23  2:10  Twilight Council  
  24  2:15  Stalker  
  24  2:20  Probe (Chrono Boost)  
  27  2:24  Pylon  
  27  2:25  Probe (Chrono Boost)  
  28  2:43  Blink (Chrono Boost)  
  28  2:58  Gateway  
  28  2:59  Gateway  
  28  3:01  Gateway  
  28  3:03  Stalker  
  30  3:15  Pylon  
  30  3:41  Probe  
  22  3:53  Probe  
  22  3:54  Stalker x3  
  22  3:55  Stalker  
  31  4:05  Probe  
  32  4:17  Probe (Chrono Boost)  
  32  4:18  Stalker  
  32  4:21  Stalker  
  37  4:29  Probe (Chrono Boost)  
  38  4:31  Pylon  
  38  4:34  Probe (Chrono Boost)  
  39  4:42  Stalker  
  41  4:50  Stalker  
  42  5:08  Stalker x2  
  46  5:19  Probe  
  47  5:22  Stalker  
  47  5:27  Stalker  
  51  5:41  Stalker  
  53  5:44  Stalker  
  55  6:04  Pylon  
  55  6:17  Pylon  
  55  6:22  Probe  
  55  6:25  Pylon  
Show
View Real Time Build Order
Export as new Build Order

VaeVictus Protoss - Winner!

Build Orders: Oracle Opening 

Get SALT Encoding   

  12  0:00  Probe  
  13  0:13  Probe  
  14  0:18  Pylon  
  14  0:25  Probe  
  15  0:37  Probe  
  16  0:43  Gateway  
  16  0:49  Probe (Chrono Boost)  
  17  0:50  Assimilator  
  17  0:58  Probe (Chrono Boost)  
  17  1:00  Assimilator  
  17  1:03  Probe (Chrono Boost)  
  19  1:15  Probe (Chrono Boost)  
  20  1:22  Gateway  
  20  1:27  Probe (Chrono Boost)  
  20  1:30  Cybernetics Core  
  21  1:37  Probe (Chrono Boost)  
  22  1:49  Probe  
  22  1:50  Pylon  
  23  2:08  Stargate, Probe  
  24  2:10  Stalker  
  24  2:14  Warp Gate  
  26  2:20  Probe  
  27  2:23  Stalker  
  29  2:32  Pylon  
  29  2:35  Probe  
  29  2:50  Probe  
  32  2:51  Oracle (Chrono Boost)  
  33  3:05  Pylon, Stalker  
  35  3:09  Stalker  
  37  3:44  Oracle (Chrono Boost)  
  40  3:50  Probe  
  41  3:57  Nexus  
  41  4:00  Shield Battery  
  41  4:02  Pylon, Stalker, Probe  
  42  4:04  Stalker  
  46  4:15  Robotics Facility  
  46  4:28  Stalker  
  48  4:33  Stalker  
  50  4:44  Probe  
  48  5:08  Immortal (Chrono Boost)  
  48  5:13  Probe x2  
  54  5:21  Stalker x2  
  54  5:25  Probe  
  54  5:26  Gateway  
  59  5:32  Pylon  
  59  5:37  Shield Battery  
  59  5:41  Shield Battery  
  59  5:43  Shield Battery  
  59  5:54  Pylon  
  59  5:57  Stalker  
  59  5:58  Stalker  
  59  6:03  Oracle (Chrono Boost)  
  66  6:14  Immortal (Chrono Boost), Probe x2  
  72  6:26  Probe x2  
  72  6:27  Pylon  
  74  6:37  Stalker x2  
  74  6:38  Probe  
  65  6:49  Stalker  
Tags
 
Composition
Blink Stalkers
Matchup
PvP
Spawn Locations
Cross Positions
Add a new tag
Caveats
  • Supply blocks, unpowered buildings, or Contaminate may cause inaccurate times.
  • Supply counts are checked every 10 seconds.